 Dungeon Crawl Stone Soup version 0.29-a0-721-g7f417c9bbb (webtiles) character file.

Game seed: 1364037015387042521

3736 gobodom the Cleaver (level 9, 0/81 HPs)
             Began as a Minotaur Berserker on June 28, 2022.
             Was a High Priest of Trog.
             Slain by a killer bee (6 damage)
             ... on level 8 of the Dungeon.
             The game lasted 00:28:52 (7192 turns).

gobodom the Cleaver (Minotaur Berserker)            Turns: 7192, Time: 00:28:54

Health: 0/81       AC:  9    Str: 23    XL:     9   Next: 93%
Magic:  8/8        EV: 12    Int: 10    God:    Trog [*****.]
Gold:   354        SH:  0    Dex: 18    Spells: 8/8 levels left

rFire   . . .      SeeInvis .   g - +0 war axe
rCold   . . .      Faith    +   N - orb {*Rage}
rNeg    + . .      Spirit   .   D - +0 scale mail {Will+}
rPois   .          Reflect  .   (helmet restricted)
rElec   +          Harm     +   j - scarf {harm}
rCorr   +          Rampage  .   (no gloves)
Will    ++...      Rage     20% l - +0 pair of boots
Stlth   +.........              p - amulet "Viek" {Faith Contam +Blink rElec rN+ Will+}
HPRegen 0.23/turn               s - +6 ring of intelligence
MPRegen 0.11/turn               x - ring of Jealousy {rCorr Dex+5}

@: lethally poisoned (0 -> -31), on berserk cooldown, slowed, very slow
A: horns 2, retaliatory headbutt
a: Renounce Religion, Evoke Blink, Berserk, Trog's Hand, Brothers in Arms


You were on level 8 of the Dungeon.
You worshipped Trog.
Trog was extremely pleased with you.
You visited 2 branches of the dungeon, and saw 9 of its levels.

You collected 464 gold pieces.
You spent 110 gold pieces at shops.

Inventory:

Hand Weapons
 a - a +4 short sword of protection
 g - a +0 war axe (weapon)
 G - a +3 quarterstaff of chaos
 I - a +1 whip of flaming
 R - a +0 mace of protection
 S - a +3 hand axe
Missiles
 d - 11 poisoned darts
 o - 7 javelins (quivered)
 A - 6 boomerangs
Armour
 b - a +0 animal skin
 j - a scarf of harm (worn)
 l - a +0 pair of boots (worn)
 B - a +0 cloak
 D - a +0 scale mail of willpower (worn)
 N - an orb of wrath (worn)
Jewellery
 p - the amulet "Viek" (around neck) {Faith Contam +Blink rElec rN+ Will+}
   (You bought it in a shop on level 2 of the Dungeon)

   [amulet of faith]

   It allows you to gain divine favour quickly.
   rElec:     It insulates you from electricity.
   rN:        It protects you from negative energy.
   +Blink:    It lets you blink.
   Contam:    It causes magical contamination when unequipped.
   Will:      It increases your willpower.
 s - a +6 ring of intelligence (left hand)
 x - the ring of Jealousy (right hand) {rCorr Dex+5}
   (You found it on level 4 of the Dungeon)

   [ring of resist corrosion]

   Dex:       It affects your dexterity (+5).
   rCorr:     It protects you from acid and corrosion.
 E - a ring of fire
Wands
 c - a wand of charming (12)
 H - a wand of polymorph (6)
 M - a wand of iceblast (19)
Scrolls
 e - 4 scrolls of poison {unknown}
 i - 6 scrolls of teleportation
 r - 2 scrolls of enchant weapon {unknown}
 t - a scroll of acquirement {unknown}
 u - 3 scrolls of magic mapping {unknown}
 y - a scroll of amnesia {unknown}
 C - 2 scrolls of immolation {unknown}
 K - 2 scrolls of silence {unknown}
 O - a scroll of fear {unknown}
 Q - a scroll of blinking {unknown}
Potions
 f - a potion of ambrosia
 h - 2 potions of berserk rage
 k - 3 potions of brilliance
 m - 4 potions of flight
 n - 2 potions of haste {unknown}
 q - a potion of degeneration {unknown}
 v - a potion of invisibility {unknown}
 w - a potion of resistance {unknown}
 z - a potion of heal wounds
 F - a potion of experience {unknown}
 J - a potion of attraction {unknown}
 L - a potion of might {unknown}
 P - a potion of curing {unknown}
 T - a potion of mutation {unknown}


   Skills:
 + Level 7.9 Fighting
 + Level 13.0 Axes
 + Level 0.8 Throwing
 + Level 6.4 Armour
 + Level 4.7 Dodging
 + Level 3.5 Stealth


You had 8 spell levels left.
You didn't know any spells.
Your spell library contained the following spells:

 Spells                   Type           Power      Damage    Failure   Level
 Beastly Appendage        Tmut           0%         N/A       65%         1
 Sting                    Tmut/Pois      0%         1d3       65%         1
 Blink                    Tloc           0%         N/A       78%         2
 Poisonous Vapours        Pois/Air       0%         N/A       78%         2
 Wereblood                Tmut           0%         N/A       78%         2
 Dazzling Flash           Conj/Hex       0%         N/A       95%         3
 Spider Form              Tmut/Pois      0%         N/A       95%         3
 Animate Dead             Necr           0%         N/A       100%        4
 Corpse Rot               Necr/Pois/Air  0%         N/A       100%        4
 Dispel Undead            Necr           0%         3d6       100%        4
 Iskenderun's Mystic Bla  Conj/Tloc      0%         2d3       100%        4
 Olgreb's Toxic Radiance  Pois           0%         N/A       100%        4
 Borgnjor's Vile Clutch   Necr/Erth      0%         N/A       100%        5
 Manifold Assault         Tloc           0%         N/A       100%        5
 Death Channel            Necr           0%         N/A       100%        6
 Starburst                Conj/Fire      0%         6d3       100%        6
 Storm Form               Tmut/Air       0%         N/A       100%        7


Dungeon Overview and Level Annotations

Branches:
Dungeon (8/15)             Temple (1/1) D:6
   Lair: D:8-11

Altars:
Ashenzari
Cheibriados
Elyvilon
Fedhas
Gozag
Hepliaklqana
Kikubaaqudgha
Makhleb
Nemelex Xobeh
Okawaru
Qazlal
Ru
Sif Muna
Uskayaw
Vehumet
Wu Jian
Xom
Yredelemnul
Zin
The Shining One

Shops:
D:2 *


Innate Abilities, Weirdness & Mutations

You have a pair of horns on your head.
You reflexively headbutt those who attack you in melee.


Message History

You headbutt the killer bee. The killer bee closely misses you.
The killer bee stings you but does no damage. x3
The killer bee barely misses you. x2; The killer bee stings you.
* * * LOW HITPOINT WARNING * * *
You are more poisoned.
The killer bee poisons you! The killer bee barely misses you.
You furiously retaliate!
You headbutt the killer bee. The killer bee barely misses you.
The killer bee misses you.
The killer bee stings you but does no damage.
You slash the killer bee!
You kill the killer bee!
Trog accepts your kill.
You slash the killer bee!
You kill the killer bee!
Trog accepts your kill.
Trog will now gift you melee weapons as you gain piety.
You closely miss the killer bee. You slash the killer bee!
* * * LOW HITPOINT WARNING * * *
You feel extremely sick.
The killer bee stings you but does no damage. x2
The killer bee stings you.
* * * LOW HITPOINT WARNING * * *
You are more poisoned.
The killer bee poisons you! The killer bee barely misses you.
The killer bee stings you.
* * * LOW HITPOINT WARNING * * *
You are more poisoned.
The killer bee poisons you!
The killer bee stings you but does no damage.
Your Axes skill increases to level 13!
You feel much better.
* * * LOW HITPOINT WARNING * * *
You feel extremely sick. The killer bee closely misses you.
You furiously retaliate!
You headbutt the killer bee, but do no damage.
The killer bee stings you.
* * * LOW HITPOINT WARNING * * *
The killer bee closely misses you. The killer bee barely misses you.
The killer bee stings you.
You die...

#####..### ###.#...... #
##.........#
...#...#..#...#
..........#..#
##.##..#..#..##
##.#...#).....#
##.....))..#.###
.....$)@†..#..##
......y.y..#...#
..........##.#.##
........?##..#..##
.........##.#.#..### ###
............#.#....###.#
....##.....##.##....#..#
.... ..#... ##.#..#.....
... ..##.## ##.#.....


You could see 2 killer bees.

Vanquished Creatures
  Pikel (D:6)
  Psyche (D:8)
  2 water moccasins (D:5)
  2 ice beasts
  2 black bears (D:5)
  A sky beast (D:7)
  An ogre (D:5)
  A phantom (D:5)
  3 lemures (D:6)
  Blork the orc (D:5)
  4 bullfrogs
  7 scorpions
  8 killer bees
  3 howler monkeys
  10 orc priests
  3 hounds
  2 jellies
  Crazy Yiuf (D:5)
  5 iguanas
  7 orc wizards
  9 adders
  A shadow imp (D:6)
  A white imp (D:6)
  6 worms
  4 dart slugs
  33 orcs
  2 bats
  5 endoplasms
  4 giant cockroaches
  5 goblins
  4 hobgoblins
  7 quokkas
  2 ball pythons
  A frilled lizard (D:1)
  5 kobolds
  5 rats
159 creatures vanquished.

Vanquished Creatures (others)
  29 plants (D:5)
29 creatures vanquished.

Grand Total: 188 creatures vanquished

Notes
Turn   | Place    | Note
-------+----------+-------------------------------------------
     0 | D:1      | gobodom the Minotaur Berserker began the quest for the Orb.
     0 | D:1      | Reached XP level 1. HP: 19/19 MP: 0/0
   147 | D:1      | Found a faded altar of an unknown god.
   966 | D:1      | Reached skill level 4 in Axes
  1106 | D:1      | Reached XP level 2. HP: 27/27 MP: 1/1
  1288 | D:2      | Reached XP level 3. HP: 33/33 MP: 2/2
  1556 | D:2      | Found Giuggef's Assorted Antiques.
  1565 | D:2      | Bought a scintillating jade amulet for 110 gold pieces
  1565 | D:2      | Identified the amulet "Viek" {Faith Contam +Blink rElec rN+
                  | Will+} (You bought it in a shop on level 2 of the Dungeon)
  1989 | D:3      | Reached skill level 5 in Axes
  1989 | D:3      | Reached XP level 4. HP: 41/41 MP: 3/3
  2047 | D:3      | Reached ** piety under Trog
  2215 | D:3      | Reached skill level 1 in Stealth
  2503 | D:3      | Reached XP level 5. HP: 47/47 MP: 4/4
  2719 | D:4      | Identified the ring of Jealousy {rCorr Dex+5}
  2909 | D:4      | Reached skill level 6 in Axes
  2925 | D:4      | Reached XP level 6. HP: 35/55 MP: 5/5
  3335 | D:4      | Reached skill level 7 in Axes
  3396 | D:5      | Entered Level 5 of the Dungeon
  3427 | D:5      | Reached skill level 5 in Fighting
  3445 | D:5      | Reached *** piety under Trog
  3551 | D:5      | Reached XP level 7. HP: 53/61 MP: 6/6
  3561 | D:5      | Reached skill level 8 in Axes
  3754 | D:5      | Reached skill level 9 in Axes
  3877 | D:5      | Reached XP level 8. HP: 70/70 MP: 7/7
  3997 | D:5      | Noticed Blork the orc
  4008 | D:5      | Killed Blork the orc
  4325 | D:5      | Found a runed translucent door.
  4326 | D:5      | Noticed Crazy Yiuf
  4332 | D:5      | Killed Crazy Yiuf
  4596 | D:6      | Noticed Pikel
  4619 | D:6      | Killed Pikel
  4620 | D:6      | Reached skill level 10 in Axes
  4890 | D:6      | Reached skill level 11 in Axes
  4890 | D:6      | Reached XP level 9. HP: 78/78 MP: 8/8
  5058 | D:6      | Reached **** piety under Trog
  5175 | D:6      | Found a staircase to the Ecumenical Temple.
  5185 | Temple   | Entered the Ecumenical Temple
  5582 | D:6      | Reached skill level 5 in Armour
  5593 | D:6      | Found a sparkling altar of Nemelex Xobeh.
  5616 | D:6      | Found a stormy altar of Qazlal.
  5870 | D:7      | Reached skill level 12 in Axes
  6163 | D:7      | Found a white marble altar of Elyvilon.
  6373 | D:7      | Found a shimmering altar of Xom.
  7172 | D:8      | Noticed Psyche
  7180 | D:8      | Killed Psyche
  7191 | D:8      | Reached ***** piety under Trog
  7191 | D:8      | HP: 4/81 [killer bee (3)]
  7192 | D:8      | Reached skill level 13 in Axes
  7192 | D:8      | Slain by a killer bee

Illustrated notes

Levels and vault maps discovered:
D:1:      sevenhm_arrival_forest_fort_large_3, layout_loops_corners,
          ebering_ecumenical_altar_sacrificial
D:2:      layout_loops_ring, serial_shops, nicolae_shop_trees,
          kennysheep_generic_room_12
D:3:      layout_basic
D:4:      layout_cave_pools
D:5:      minmay_diamond_boxcup, layout_rooms, grunt_decor_arrowhead,
          serial_bayou_lagoon_a, uniq_blork_the_orc, uniq_crazy_yiuf_cottage
D:6:      layout_rooms, mainiacjoe_overflow_swirl, lemuel_temple_firewalk_b,
          minivault_26, uniq_pikel
D:7:      layout_loops_cross, mainiacjoe_overflow_surrounded_room,
          nicolae_elyvilon_peaceful_grove, serial_rivers,
          chequers_serial_rivers_small_b, chequers_serial_rivers_micro_a,
          chequers_serial_rivers_small_a, chequers_serial_rivers_large_b
D:8:      minmay_the_grid_four_pointed_star
          [minmay_the_grid_triangle_9x9_tough_junction,
          minmay_the_grid_triangle_9x9_pentomino_pain,
          minmay_the_grid_triangle_9x9_longest,
          minmay_the_grid_triangle_9x9_sprig,
          minmay_the_grid_prize_diamond_cup], layout_cave_pools,
          dpeg_lair_monsters, uniq_psyche
Temple:   compressed_dpeg_triangle_lava_temple

Skill      XL: |  1  2  3  4  5  6  7  8  9 |
---------------+----------------------------+-----
Axes           | 4 5 6 7 9 11 13 | 13.0
Fighting       | 4 5 6 7 |  7.9
Stealth        | 1 2 3 |  3.5
Dodging        | 3 4 |  4.7
Armour         | 4 6 |  6.4
Throwing       | |  0.8

Action                   |  1- 3 |  4- 6 |  7- 9 || total
-------------------------+-------+-------+-------++-------
Melee: War axe           |    42 |    76 |   193 ||   311
       Hand axe          |     1 |       |       ||     1
       Headbutt          |     3 |     8 |    39 ||    50
       Punch             |     1 |       |     2 ||     3
Throw: Javelin           |       |     2 |     5 ||     7
Invok: Berserk           |       |     3 |       ||     3
  Use: Scroll            |     2 |     2 |     2 ||     6
       Potion            |       |       |     2 ||     2
 Stab: Sleeping          |     1 |     5 |     1 ||     7
       Distracted        |       |       |     1 ||     1
Armor: Animal skin       |    12 |     9 |     1 ||    22
       Scale mail        |       |       |    78 ||    78
Dodge: Dodged            |    35 |    49 |   120 ||   204

Table legend: (Time is in decaauts)
 A = Elapsed time spent in this place.
 B = Non-inter-level travel time spent in this place.
 C = Inter-level travel time spent in this place.
 D = Time resting spent in this place.
 E = Time spent auto-exploring this place.
 F = Levels seen in this place.
 G = Mean time per level.
                   A        B        C        D        E       F      G
               +--------+--------+--------+--------+--------+-----+--------+
         Total |   7333 |   7206 |    127 |    510 |   5165 |   9 |  814.8 |
       Dungeon |   7122 |   6995 |    127 |    510 |   4974 |   8 |  890.2 |
        Temple |    210 |    210 |      0 |      0 |    191 |   1 |  210.0 |
               +--------+--------+--------+--------+--------+-----+--------+

Top non-repeatable levels by time:
     D:7: 1207 daAuts
     D:5: 1161 daAuts
     D:1: 1117 daAuts
     D:6: 1050 daAuts
     D:2: 848 daAuts
     D:3: 756 daAuts
     D:4: 725 daAuts
     D:8: 254 daAuts
  Temple: 210 daAuts
